 Dungeon Crawl Stone Soup version 0.25-a0-435-g4b9beb1024 (webtiles) character file.

Game seed: 14120093012985593893, levelgen mode: deterministic

42 Elellon the Conjurer (level 3, 0/19 HPs)
             Began as a Deep Elf Conjurer on Jan 26, 2020.
             Slain by Sigmund
             ... wielding a +0 scythe
              (13 damage)
             ... on level 2 of the Dungeon.
             The game lasted 00:01:58 (1346 turns).

Elellon the Conjurer (Deep Elf Conjurer)            Turns: 1346, Time: 00:01:59

Health: 0/19       AC:  3    Str:  6    XL:     3   Next: 33%
Magic:  0/10       EV: 13    Int: 19    God:
Gold:   78         SH:  0    Dex: 15    Spells: 7/10 levels left

rFire    . . .     SeeInvis .   i - +0 dagger
rCold    . . .     Gourm    .   (no shield)
rNeg     . . .     Faith    .   a - +0 robe
rPois    .         Spirit   .   f - +0 helmet
rElec    .         Reflect  .   (no cloak)
rCorr    .         Harm     .   (no gloves)
MR       .....                  (no boots)
Stlth    ++........             (no amulet)
HPRegen  0.06/turn              (no ring)
MPRegen  0.12/turn              (no ring)

@: no status effects
A: no striking features
a: no special abilities


You were on level 2 of the Dungeon.
You were not hungry.

You visited 1 branch of the dungeon, and saw 2 of its levels.

You collected 78 gold pieces.

Inventory:

Hand Weapons
 i - a +0 dagger (weapon)
Armour
 a - a +0 robe (worn)
 f - a +0 helmet (worn)
Jewellery
 h - an uncursed ring of ice {unknown}
 k - an uncursed amulet of faith {unknown}
 l - an uncursed ring of resist corrosion {unknown}
Scrolls
 b - a scroll of enchant armour {unknown}
 d - 5 scrolls of identify {unknown}
 m - a scroll of remove curse {unknown}
Potions
 e - a potion of resistance {unknown}
 g - 2 potions of might {unknown}
 j - a potion of curing {unknown}
 n - a potion of flight {unknown}
Comestibles
 c - 3 rations
 o - 2 chunks of flesh


   Skills:
 - Level 2.4 Dodging
 - Level 2.4 Stealth
 + Level 4.2 Spellcasting
 + Level 5.1 Conjurations


You had 7 spell levels left.
You knew the following spells:

 Your Spells              Type           Power        Failure   Level  Hunger
a - Magic Dart            Conj           ###.         1%          1    None
b - Searing Ray           Conj           ###...       2%          2    #......

Your spell library contained the following spells:

 Spells                   Type           Power        Failure   Level  Hunger
 Dazzling Flash           Conj/Hex       ##....       14%         3    ###....
 Fulminant Prism          Conj/Hex       ##........   43%         4    ####...
 Iskenderun's Mystic Bla  Conj/Tloc      ##......     43%         4    ####...


Dungeon Overview and Level Annotations

Branches:
Dungeon (2/15)

Altars:

Annotations:
D:2 Sigmund


Message History

The searing ray hits Sigmund.
Sigmund is heavily wounded.
Sigmund flickers, as though insubstantial.
Sigmund barely misses you.
The searing ray hits Sigmund.
Sigmund is heavily wounded.
You finish channeling your searing ray.
Sigmund hits you from afar with a +0 scythe.
Casting: Searing Ray (safe; 2% risk of failure)
Confirm with . or Enter, or press ? or * to list all spells.
Aiming: Searing Ray (safe; 2% risk of failure)
Press: ? - help, Shift-Dir - straight line, f/p - Sigmund
Aim: Sigmund, wielding a +0 scythe and wearing a +0 robe (heavily wounded)
The searing ray hits Sigmund.
Sigmund is severely wounded. (Press . to maintain the ray.) Without enough magic to sustain it, your searing ray dissipates.
Sigmund hits you from afar with a +0 scythe!
Ouch! That really hurt!
You die...

#.........#
#.........#
#........>#
#.........#
#.....(...#
#.........#
#.........#
#.........#
#..)....<@##. ##
#..........@.....
..#
#####..#####.....
..# ##.# ....
..######## #.#
... ..#......#
#.# .. ..#......#
#.# # .........#
#.# .........#
#.##


You could see Sigmund.

Vanquished Creatures
  An adder (D:2)
  An ooze (D:2)
  An adder skeleton (D:2)
  3 leopard geckos
  3 goblins (D:1)
  2 hobgoblins
  4 jackals (D:1)
  3 kobolds (D:1)
  A bat (D:1)
  2 frilled lizards
  A rat (D:1)
22 creatures vanquished.

Notes
Turn   | Place    | Note
-------+----------+-------------------------------------------
     0 | D:1      | Elellon the Deep Elf Conjurer began the quest for the Orb.
     0 | D:1      | Reached XP level 1. HP: 10/10 MP: 6/6
   441 | D:1      | Reached XP level 2. HP: 15/15 MP: 1/8
   618 | D:1      | Learned a level 2 spell: Searing Ray
  1210 | D:2      | Reached skill level 5 in Conjurations
  1210 | D:2      | Reached XP level 3. HP: 19/19 MP: 6/10
  1336 | D:2      | Noticed Sigmund
  1346 | D:2      | Slain by Sigmund

Levels and vault maps discovered:
D:1:      beargit_arrival_greenhouse, layout_loops_ring, kennysheep_another_room
D:2:      layout_rooms, fedhas_altar_4, uniq_sigmund

Skill      XL: |  1  2 |
---------------+-------+-----
Spellcasting   | 4 |  4.2
Conjurations   | 5 |  5.1
Dodging        | |  2.4
Stealth        | |  2.4

Action                   || total
-------------------------++-------
Melee: Unarmed           ||    11
 Cast: Magic Dart        ||    43
       Searing Ray       ||     2
  Eat: Chunk             ||     1
Armor: Robe              ||     8
Dodge: Dodged            ||    16

Table legend:
 A = Non-vault XP
 B = Vault XP
 C = Vault XP percentage of total XP
 D = Non-vault monster count
 E = Vault monster count
 F = Vault count percentage of total count
                 A         B        C        D         E       F
            +---------+---------+-------+---------+---------+-------
      Total |      60 |       0 |   0.0 |      22 |       0 |   0.0
            +---------+---------+-------+---------+---------+-------
        D:1 |      26 |       0 |   0.0 |      15 |       0 |   0.0
        D:2 |      34 |       0 |   0.0 |       7 |       0 |   0.0
            +---------+---------+-------+---------+---------+-------
